[Event "21st Sants Open 2019"]
[Site "Cotxeres de Sants"]
[Date "2019.08.30"]
[Round "8.19"]
[White "Cabrera Marmol, Manuel"]
[Black "Paton Alvarez, Ivan"]
[Result "0-1"]
[ECO "B21"]
[WhiteElo "1537"]
[BlackElo "1544"]
[Annotator "NA"]
[PlyCount "84"]
[EventDate "2019.08.22"]
[EventType "swiss"]
[EventCountry "ESP"]
[SourceTitle "playchess.com"]
[Source "ChessBase"]
[SourceQuality "1"]
[TimeControl "40/5400+30:1800+30"]

1. e4 c5 2. d4 cxd4 3. c3 dxc3 4. Nxc3 Nc6 5. Nf3 e6 6. Bc4 Be7 7. Qe2 d6 8. O-O Bd7 9. Rd1 a6 10. Bf4 e5 11. Be3 Nf6 12. Nd5 Nxd5 13. Bxd5 O-O 14. Rd2 Qc7 15. h4 Bg4 16. g3 Rac8 17. Rc1 Qb8 18. Rcd1 Kh8 19. Kg2 Nb4 20. Bb3 f5 21. Bb6 fxe4 22. Qxe4 Bxf3+ 23. Qxf3 Rxf3 24. Kxf3 Rf8+ 25. Kg2 Qc8 26. Be3 Qf5 27. a3 Qf3+ 28. Kg1 Nc6 29. Bd5 Qg4 30. Kh2 g5 31. hxg5 Bxg5 32. Bxg5 Qxg5 33. Kg2 Qf6 34. Be4 Nd4 35. Bxb7 Qf5 36. f4 Rg8 37. fxe5 dxe5 38. Rf2 Qg6 39. Kf1 Qxg3 40. Rg2 Rf8+ 41. Kg1 Ne2+ 42. Kh1 Qh3+ 0-1

[Event "21st Sants Open 2019"]
[Site "Cotxeres de Sants"]
[Date "2019.08.30"]
[Round "8.20"]
[White "Abdelkader Garstka, Adam"]
[Black "Garcia Martinez, Hector"]
[Result "0-1"]
[ECO "B13"]
[WhiteElo "1628"]
[BlackElo "1547"]
[Annotator "NA"]
[PlyCount "118"]
[EventDate "2019.08.22"]
[EventType "swiss"]
[EventCountry "ESP"]
[SourceTitle "playchess.com"]
[Source "ChessBase"]
[SourceQuality "1"]
[TimeControl "40/5400+30:1800+30"]

1. e4 c6 2. d4 d5 3. exd5 cxd5 4. c4 dxc4 5. Bxc4 Nf6 6. Nc3 g6 7. Qb3 e6 8. Nf3 Bg7 9. O-O O-O 10. d5 exd5 11. Nxd5 Nc6 12. Bg5 Na5 13. Qb5 Nxc4 14. Bxf6 Bxf6 15. Qxc4 Bxb2 16. Rad1 Be6 17. Qb5 Bxd5 18. Qxb2 Qa5 19. Qe5 Rad8 20. Rd3 Rfe8 21. Qg5 h6 22. Qxh6 Bxf3 23. Rxf3 Qxa2 24. h4 Re5 25. Rf6 Qd5 26. g4 Qe4 27. Rf4 Qe2 28. h5 gxh5 29. gxh5 Qxh5 30. Qxh5 Rxh5 31. Rb1 Rd7 32. Rfb4 b6 33. Ra4 f6 34. Kg2 Rg7+ 35. Kf3 Rh3+ 36. Ke2 Re7+ 37. Kd2 Rf3 38. Rf1 Kf7 39. Kd1 Rc7 40. Ke2 Rfc3 41. Ra6 b5 42. Rfa1 Re7+ 43. Kf1 Rcc7 44. Rb1 Rb7 45. Rb4 Re6 46. Ra5 a6 47. f4 f5 48. Kf2 Rbb6 49. Kf3 Kf6 50. Ra1 Rbc6 51. Rab1 Rc3+ 52. Kf2 Rc4 53. Rxc4 bxc4 54. Rc1 Rc6 55. Rc3 Ke6 56. Ke3 Kd5 57. Rc2 Re6+ 58. Kf3 Kc5 59. Rb2 Kd4 0-1

[Event "21st Sants Open 2019"]
[Site "Cotxeres de Sants"]
[Date "2019.08.31"]
[Round "9.2"]
[White "Arjun Kalyan"]
[Black "Harsha Bharathakoti"]
[Result "0-1"]
[ECO "B51"]
[WhiteElo "2482"]
[BlackElo "2489"]
[Annotator "ChessBase"]
[PlyCount "52"]
[EventDate "2019.08.22"]
[EventType "swiss"]
[EventCountry "ESP"]
[SourceTitle "playchess.com"]
[Source "ChessBase"]
[SourceQuality "1"]
[TimeControl "40/5400+30:1800+30"]

1. e4 c5 2. Nf3 d6 3. Bb5+ Nd7 4. O-O Ngf6 5. Re1 a6 6. Bd3 e6 7. c3 b5 8. Bc2 c4 9. a4 Bb7 10. d4 cxd3 11. Qxd3 Nc5 12. Qe2 bxa4 13. e5 dxe5 14. Nxe5 Qd5 15. f3 Bd6 16. Nd2 Bxe5 17. Qxe5 Qxe5 18. Rxe5 Nfd7 19. Rh5 f5 20. Nc4 O-O 21. Na5 Rab8 22. Rh4 Ba8 23. Rb4 Rb5 24. Nc4 Rfb8 25. Bd2 Bd5 26. Bxa4 Rxb4 0-1

[Event "21st Sants Open 2019"]
[Site "Cotxeres de Sants"]
[Date "2019.08.31"]
[Round "9.3"]
[White "Vaibhav, Suri"]
[Black "Hillarp Persson, Tiger"]
[Result "1-0"]
[ECO "B53"]
[WhiteElo "2591"]
[BlackElo "2558"]
[Annotator "ChessBase"]
[PlyCount "115"]
[EventDate "2019.08.22"]
[EventType "swiss"]
[EventCountry "ESP"]
[SourceTitle "playchess.com"]
[Source "ChessBase"]
[SourceQuality "1"]
[TimeControl "40/5400+30:1800+30"]

1. e4 c5 2. Nf3 d6 3. d4 cxd4 4. Qxd4 Nc6 5. Qe3 g6 6. Be2 Bg7 7. O-O Nh6 8. h3 O-O 9. Rd1 f5 10. e5 Nf7 11. exd6 Nxd6 12. Qb3+ Kh8 13. Nc3 Qe8 14. Be3 h6 15. Bc5 g5 16. Bxd6 exd6 17. Rxd6 Qe7 18. Qa3 g4 19. Nd5 Qxe2 20. Nf4 gxf3 21. Nxe2 fxe2 22. Re1 f4 23. Rxe2 f3 24. Re3 fxg2 25. Rg3 Bf5 26. Rxg7 Kxg7 27. Qc3+ Kh7 28. Qe3 Bg6 29. Qe6 Rg8 30. Rd7+ Rg7 31. Rxg7+ Kxg7 32. Qd7+ Bf7 33. Qxb7 Rd8 34. c4 Ne5 35. b3 Kf6 36. Kxg2 Be8 37. Qh7 Bc6+ 38. Kh2 Nf7 39. Kg3 Re8 40. Qd3 Rd8 41. Qe3 Ng5 42. h4 Ne6 43. Qxh6+ Kf5 44. Qh7+ Kf6 45. h5 Rd1 46. Qh6+ Kf7 47. f3 a5 48. Kf2 Ke7 49. Qh7+ Kd6 50. h6 Ra1 51. c5+ Kxc5 52. Qc2+ Kb6 53. Qe2 Nc5 54. h7 Rh1 55. Qe7 Nd3+ 56. Kg3 Ne1 57. Qd8+ Kc5 58. Qxa5+ 1-0

[Event "21st Sants Open 2019"]
[Site "Cotxeres de Sants"]
[Date "2019.08.31"]
[Round "9.4"]
[White "Valderrama Quiceno, Esteban Alb"]
[Black "Bauer, Christian"]
[Result "0-1"]
[ECO "A05"]
[WhiteElo "2429"]
[BlackElo "2626"]
[Annotator "RC"]
[PlyCount "80"]
[EventDate "2019.08.22"]
[EventType "swiss"]
[EventCountry "ESP"]
[SourceTitle "playchess.com"]
[Source "ChessBase"]
[SourceQuality "1"]
[TimeControl "40/5400+30:1800+30"]

1. Nf3 Nf6 2. g3 c6 3. Bg2 d6 4. d4 Nbd7 5. c4 e5 6. Nc3 e4 7. Nd2 d5 8. O-O Be7 9. cxd5 cxd5 10. Qb3 Nb6 11. a4 a5 12. Ndb1 O-O 13. Nb5 Bg4 14. N1c3 Rc8 15. f3 exf3 16. exf3 Bf5 17. Bf4 Bb4 18. g4 Bd3 19. Rf2 Re8 20. Qd1 Bxb5 21. axb5 Nc4 22. Qb3 Qb6 23. Bg5 Nxb2 24. Na2 Nc4 25. Nxb4 axb4 26. Rd1 h6 27. Bf4 Qxb5 28. Bf1 Qb6 29. h3 Nh7 30. Bd3 Ng5 31. Kh2 Ne6 32. Bg3 Nxd4 33. Qb1 b3 34. h4 Re3 35. Kg2 Rce8 36. g5 R3e6 37. Kh3 Ne3 38. Rdd2 Nc4 39. Rd1 Na3 40. Qb2 Nac2 0-1

[Event "21st Sants Open 2019"]
[Site "Cotxeres de Sants"]
[Date "2019.08.31"]
[Round "9.5"]
[White "Antal, Gergely"]
[Black "Bosch, Jeroen"]
[Result "1-0"]
[ECO "B27"]
[WhiteElo "2549"]
[BlackElo "2422"]
[Annotator "ChessBase"]
[PlyCount "65"]
[EventDate "2019.08.22"]
[EventType "swiss"]
[EventCountry "ESP"]
[SourceTitle "playchess.com"]
[Source "ChessBase"]
[SourceQuality "1"]
[TimeControl "40/5400+30:1800+30"]

1. e4 c5 2. Nf3 g6 3. d4 cxd4 4. Qxd4 Nf6 5. Nc3 Nc6 6. Qa4 d6 7. e5 dxe5 8. Nxe5 Bd7 9. Nxd7 Nxd7 10. Be3 Bg7 11. Rd1 O-O 12. Be2 e6 13. h4 Qe7 14. Bg5 f6 15. Bf4 Nb6 16. Qb3 Rfd8 17. Be3 f5 18. h5 Rxd1+ 19. Bxd1 Na5 20. Qb5 Nbc4 21. hxg6 hxg6 22. Bc5 Qd8 23. O-O a6 24. Qb4 b5 25. Bf3 Rc8 26. Rd1 Qc7 27. Bd6 Qb6 28. b3 Nxd6 29. Rxd6 Qc7 30. Nd5 exd5 31. Bxd5+ Kh7 32. Qh4+ Bh6 33. Re6 1-0

[Event "21st Sants Open 2019"]
[Site "Cotxeres de Sants"]
[Date "2019.08.31"]
[Round "9.7"]
[White "Gines Esteo, Pedro Antonio"]
[Black "Salinas Herrera, Pablo"]
[Result "1-0"]
[ECO "D02"]
[WhiteElo "2417"]
[BlackElo "2506"]
[Annotator "RC"]
[PlyCount "91"]
[EventDate "2019.08.22"]
[EventType "swiss"]
[EventCountry "ESP"]
[SourceTitle "playchess.com"]
[Source "ChessBase"]
[SourceQuality "1"]
[TimeControl "40/5400+30:1800+30"]

1. d4 d5 2. Nf3 e6 3. c4 a6 4. cxd5 exd5 5. Bg5 Be7 6. Bxe7 Qxe7 7. Nc3 Nf6 8. Qc2 O-O 9. e3 c5 10. dxc5 Nc6 11. Be2 Qxc5 12. Rd1 Be6 13. O-O Rac8 14. Qb1 Rfd8 15. Nd4 Qe7 16. Nxc6 bxc6 17. Bxa6 Rb8 18. Ne2 Bg4 19. h3 Bh5 20. b3 Ne4 21. Qc2 c5 22. Bd3 f5 23. Rc1 Rbc8 24. Rfe1 Qg5 25. Nf4 Bf7 26. Red1 Qe7 27. Ba6 Ra8 28. Bd3 Rdc8 29. Be2 Qe5 30. Bf3 c4 31. Rd4 g5 32. Ne2 Nd6 33. Rcd1 cxb3 34. Qxb3 Ne4 35. a4 Nf6 36. g3 Rab8 37. Qa3 Rc2 38. Rc1 Qc7 39. Rdd1 Rc4 40. a5 Rb5 41. Ra1 Rcc5 42. a6 Ra5 43. Qb2 Ne8 44. Nd4 Nd6 45. Nb3 Rxa1 46. Qxa1 1-0

[Event "21st Sants Open 2019"]
[Site "Cotxeres de Sants"]
[Date "2019.08.31"]
[Round "9.8"]
[White "Song, Raymond"]
[Black "Panelo, Marcelo"]
[Result "1-0"]
[ECO "B90"]
[WhiteElo "2471"]
[BlackElo "2378"]
[Annotator "ChessBase"]
[PlyCount "95"]
[EventDate "2019.08.22"]
[EventType "swiss"]
[EventCountry "ESP"]
[SourceTitle "playchess.com"]
[Source "ChessBase"]
[SourceQuality "1"]
[TimeControl "40/5400+30:1800+30"]

1. e4 c5 2. Nf3 d6 3. d4 cxd4 4. Nxd4 Nf6 5. Nc3 a6 6. h3 e6 7. g4 h6 8. Bg2 g5 9. Be3 Nbd7 10. Qe2 Ne5 11. Rf1 Nfd7 12. O-O-O b5 13. f4 gxf4 14. Bxf4 Bb7 15. Kb1 Rc8 16. Nd5 exd5 17. exd5 Qb6 18. Be3 Qc7 19. Nf5 Qa5 20. Bd2 Qb6 21. Be3 Qa5 22. Bd2 Qb6 23. Qe1 Qc5 24. Be4 Qb6 25. Rf2 Rc4 26. Bg2 Qc7 27. b3 Rc5 28. Bb4 Qb6 29. Ba5 Qa7 30. Re2 Rg8 31. Qh4 Qa8 32. Nxh6 Rh8 33. g5 Bxd5 34. Rxd5 Rxd5 35. Rd2 Qa7 36. Bxd5 Qg1+ 37. Kb2 Bg7 38. Bc3 Qc5 39. Bxf7+ Kd8 40. Qe4 b4 41. Bd4 Nf3 42. Bxg7 Nxd2 43. Qf4 Ne5 44. Qxd2 Rh7 45. Bf6+ Kc7 46. Bg8 Rd7 47. Be6 Nf3 48. Qd5 1-0

[Event "21st Sants Open 2019"]
[Site "Cotxeres de Sants"]
[Date "2019.08.31"]
[Round "9.9"]
[White "Brochet, Philippe"]
[Black "Arenas, David"]
[Result "0-1"]
[ECO "B27"]
[WhiteElo "2400"]
[BlackElo "2448"]
[Annotator "NA"]
[PlyCount "54"]
[EventDate "2019.08.22"]
[EventType "swiss"]
[EventCountry "ESP"]
[SourceTitle "playchess.com"]
[Source "ChessBase"]
[SourceQuality "1"]
[TimeControl "40/5400+30:1800+30"]

1. e4 c5 2. Nf3 g6 3. g3 Nc6 4. Bg2 Nf6 5. Nc3 d6 6. O-O Bg7 7. Re1 Bg4 8. h3 Bxf3 9. Qxf3 Rb8 10. Nd5 Nd7 11. d3 O-O 12. c3 b5 13. Qe2 b4 14. Bd2 Nb6 15. Nxb6 Qxb6 16. cxb4 Nd4 17. Qd1 cxb4 18. Qa4 b3 19. Be3 Qb5 20. Qxb5 Rxb5 21. Bxd4 Bxd4 22. Re2 Ra5 23. a4 Rc5 24. Bf3 Rfc8 25. Ra3 Rc1+ 26. Kg2 Rb8 27. e5 Bc5 0-1

[Event "21st Sants Open 2019"]
[Site "Cotxeres de Sants"]
[Date "2019.08.31"]
[Round "9.10"]
[White "Krishna C R G"]
[Black "Haast, Mark"]
[Result "1/2-1/2"]
[ECO "A40"]
[WhiteElo "2444"]
[BlackElo "2413"]
[Annotator "NA"]
[PlyCount "54"]
[EventDate "2019.08.22"]
[EventType "swiss"]
[EventCountry "ESP"]
[SourceTitle "playchess.com"]
[Source "ChessBase"]
[SourceQuality "1"]
[TimeControl "40/5400+30:1800+30"]

1. d4 Nf6 2. c4 e6 3. g3 Bb4+ 4. Bd2 a5 5. Bg2 d6 6. Nc3 Nbd7 7. Qc2 e5 8. a3 Bxc3 9. Bxc3 exd4 10. Bxd4 a4 11. Nf3 O-O 12. O-O Qe7 13. Rfe1 Ne4 14. Nd2 Nxd2 15. Qxd2 Nc5 16. Qc3 f6 17. Rad1 Re8 18. e4 Bg4 19. f3 Bh5 20. Bf2 Ra6 21. Re3 Rb6 22. Qc2 Bf7 23. Rc3 Rb3 24. Rxb3 Nxb3 25. Bh3 Be6 26. Bxe6+ Qxe6 27. Kg2 b6 1/2-1/2

[Event "21st Sants Open 2019"]
[Site "Cotxeres de Sants"]
[Date "2019.08.31"]
[Round "9.11"]
[White "Valenzuela Gomez, Fernando"]
[Black "Munoz, Miguel"]
[Result "1/2-1/2"]
[ECO "A56"]
[WhiteElo "2388"]
[BlackElo "2514"]
[Annotator "ChessBase"]
[PlyCount "65"]
[EventDate "2019.08.22"]
[EventType "swiss"]
[EventCountry "ESP"]
[SourceTitle "playchess.com"]
[Source "ChessBase"]
[SourceQuality "1"]
[TimeControl "40/5400+30:1800+30"]

1. d4 Nf6 2. c4 c5 3. d5 g6 4. Nc3 Bg7 5. e4 d6 6. Nge2 e5 7. Ng3 h5 8. Be2 a6 9. a4 Nbd7 10. Bg5 Bh6 11. Bxh6 Rxh6 12. Qd2 Rh7 13. h4 b6 14. Nf1 Qe7 15. Ne3 Kf8 16. f3 Ne8 17. g3 Ng7 18. Bd3 Kg8 19. O-O-O Nf6 20. f4 Ng4 21. f5 Nxe3 22. fxg6 fxg6 23. Qxe3 Bg4 24. Rdf1 Rf8 25. Rxf8+ Qxf8 26. Qg5 Ne8 27. Rf1 Qh6 28. Qxh6 Rxh6 29. a5 bxa5 30. Be2 Rh7 31. Bxg4 hxg4 32. Kc2 Rb7 33. Ra1 1/2-1/2

[Event "21st Sants Open 2019"]
[Site "Cotxeres de Sants"]
[Date "2019.08.31"]
[Round "9.12"]
[White "Idani, Pouya"]
[Black "Valdes Romero, Leonardo"]
[Result "1-0"]
[ECO "E63"]
[WhiteElo "2581"]
[BlackElo "2397"]
[Annotator "ChessBase"]
[PlyCount "91"]
[EventDate "2019.08.22"]
[EventType "swiss"]
[EventCountry "ESP"]
[SourceTitle "playchess.com"]
[Source "ChessBase"]
[SourceQuality "1"]
[TimeControl "40/5400+30:1800+30"]

1. d4 Nf6 2. c4 g6 3. g3 Bg7 4. Bg2 O-O 5. Nc3 d6 6. Nf3 Nc6 7. O-O a6 8. b3 Rb8 9. d5 Na5 10. Bd2 c5 11. dxc6 Nxc6 12. Rc1 Bf5 13. Be3 Ng4 14. Bf4 Nge5 15. Qd2 Nxf3+ 16. Bxf3 Nd4 17. Bg2 b5 18. cxb5 axb5 19. Nd5 Bd7 20. Rfd1 h5 21. Bg5 Re8 22. Be3 e5 23. Bg5 Nxe2+ 24. Kh1 f6 25. Bxf6 Bxf6 26. Qxe2 Bg5 27. Rc7 Rc8 28. Qc2 Bf5 29. Qc6 Rf8 30. h4 Rxc7 31. Nxc7 Be7 32. Nxb5 Rf6 33. Nc3 Be6 34. Bd5 Bxd5+ 35. Qxd5+ Kh7 36. Ne4 Rf8 37. Qe6 Kh6 38. Kg1 Qc7 39. Kg2 Qb7 40. Qd5 Qa7 41. a4 Kg7 42. Rd3 Qa6 43. a5 Rc8 44. Rc3 Rxc3 45. Nxc3 Qc8 46. Ne4 1-0

[Event "21st Sants Open 2019"]
[Site "Cotxeres de Sants"]
[Date "2019.08.31"]
[Round "9.13"]
[White "Morales, Jhon Alexander"]
[Black "Antova, Gabriela"]
[Result "1/2-1/2"]
[ECO "A06"]
[WhiteElo "2405"]
[BlackElo "2270"]
[Annotator "NA"]
[PlyCount "42"]
[EventDate "2019.08.22"]
[EventType "swiss"]
[EventCountry "ESP"]
[SourceTitle "playchess.com"]
[Source "ChessBase"]
[SourceQuality "1"]
[TimeControl "40/5400+30:1800+30"]

1. g3 d5 2. Nf3 Nf6 3. Bg2 e6 4. O-O Be7 5. c4 O-O 6. b3 d4 7. Bb2 c5 8. b4 a5 9. bxc5 Nc6 10. d3 e5 11. Na3 Bxc5 12. Nb5 h6 13. Nd2 Be6 14. Ba3 Bxa3 15. Nxa3 Nd7 16. Rb1 Rb8 17. Nc2 Nc5 18. Ne4 Na6 19. Na3 f5 20. Nd2 Qe7 21. Nb5 Nc5 1/2-1/2

[Event "21st Sants Open 2019"]
[Site "Cotxeres de Sants"]
[Date "2019.08.31"]
[Round "9.15"]
[White "Planella Sanchez, Jordi"]
[Black "Romero Moreno, Felix"]
[Result "0-1"]
[ECO "B30"]
[WhiteElo "1919"]
[BlackElo "1914"]
[Annotator "NA RC"]
[PlyCount "126"]
[EventDate "2019.08.22"]
[EventType "swiss"]
[EventCountry "ESP"]
[SourceTitle "playchess.com"]
[Source "ChessBase"]
[SourceQuality "1"]
[TimeControl "40/5400+30:1800+30"]

1. e4 c5 2. Nf3 Nc6 3. g3 e6 4. Qe2 Nge7 5. Bg2 d5 6. d3 b6 7. O-O Bb7 8. c3 h6 9. Na3 Qd7 10. Nc2 g6 11. Bf4 Bg7 12. h4 O-O 13. e5 d4 14. c4 Kh7 15. Nh2 f6 16. exf6 Bxf6 17. Rae1 e5 18. Bd2 Rae8 19. h5 g5 20. Be4+ Kg7 21. a3 Nd8 22. b4 Bxe4 23. Qxe4 Qf5 24. Qe2 Nb7 25. Rb1 Nc8 26. g4 Qh7 27. f3 Ncd6 28. Na1 Bd8 29. Nb3 Bc7 30. Be1 Nxc4 31. bxc5 bxc5 32. Bf2 Nxa3 33. Ra1 Nb5 34. Ra6 Nc3 35. Qd2 Bb6 36. Re1 Nd5 37. Nc1 Nf4 38. Bg3 Nd6 39. Rd1 Kh8 40. Kf2 Qf7 41. Qc2 c4 42. Bxf4 Qxf4 43. Kg2 Qf7 44. Ne2 cxd3 45. Qxd3 Nc4 46. Rc1 Ne3+ 47. Kh3 e4 48. Qb1 Re6 49. Qb2 Qf6 50. Ng3 d3 51. Qd2 exf3 52. Qxd3 Rd8 53. Qb5 f2 54. Nhf1 Nxg4 55. Rc4 Ne5 56. Rc2 g4+ 57. Kg2 Qf3+ 58. Kh2 Qf4 59. Qb2 Bd4 60. Qb7 Rxa6 61. Qxa6 Nf3+ 62. Kh1 Qg5 63. Qc6 Qh4+ 0-1

[Event "21st Sants Open 2019"]
[Site "Cotxeres de Sants"]
[Date "2019.08.31"]
[Round "9.16"]
[White "Carmona Huertas, Juan Antonio"]
[Black "Garcia Ruiz, Adrian"]
[Result "1-0"]
[ECO "E06"]
[WhiteElo "1930"]
[BlackElo "1933"]
[Annotator "NA"]
[PlyCount "52"]
[EventDate "2019.08.22"]
[EventType "swiss"]
[EventCountry "ESP"]
[SourceTitle "playchess.com"]
[Source "ChessBase"]
[SourceQuality "1"]
[TimeControl "40/5400+30:1800+30"]

1. d4 Nf6 2. c4 e6 3. Nf3 d5 4. g3 Be7 5. Bg2 O-O 6. O-O dxc4 7. Qc2 a6 8. a4 Bd7 9. Qxc4 Bc6 10. Nc3 a5 11. Rd1 Na6 12. Bf4 Nb4 13. Nb5 Nbd5 14. Ne5 Bxb5 15. axb5 Nxf4 16. gxf4 Nd5 17. e3 Qd6 18. Rdc1 Rfc8 19. f5 Bf6 20. Nxf7 Kxf7 21. fxe6+ Kxe6 22. e4 c6 23. bxc6 bxc6 24. Bh3+ Ke7 25. Bxc8 Nb6 26. e5 Qd8 1-0

[Event "21st Sants Open 2019"]
[Site "Cotxeres de Sants"]
[Date "2019.08.31"]
[Round "9.17"]
[White "Morais Carreras, Javier"]
[Black "Romeu Perulles, Jaume"]
[Result "1-0"]
[ECO "C42"]
[WhiteElo "1939"]
[BlackElo "1813"]
[Annotator "NA"]
[PlyCount "77"]
[EventDate "2019.08.22"]
[EventType "swiss"]
[EventCountry "ESP"]
[SourceTitle "playchess.com"]
[Source "ChessBase"]
[SourceQuality "1"]
[TimeControl "40/5400+30:1800+30"]

1. e4 e5 2. Nf3 Nf6 3. Nxe5 d6 4. Nf3 Nxe4 5. Nc3 Nxc3 6. dxc3 Be7 7. Be3 O-O 8. Qd2 Nd7 9. O-O-O Ne5 10. Kb1 Be6 11. Nd4 a6 12. Nxe6 fxe6 13. Be2 Nc6 14. Bd3 Ne5 15. Be2 Nc6 16. f4 e5 17. g3 Kh8 18. Bd3 Qe8 19. Qg2 exf4 20. Qh3 g6 21. gxf4 Qc8 22. Qh6 Rf6 23. Rhg1 Qf8 24. Qh3 Qc8 25. Qg2 Qg8 26. Be4 Re8 27. Bd5 Qf8 28. Bxc6 bxc6 29. Bd4 Kg8 30. Bxf6 Bxf6 31. f5 g5 32. h4 h6 33. hxg5 hxg5 34. Qxc6 Qe7 35. Qg2 Rb8 36. Qd5+ Kg7 37. Rde1 Qd7 38. Re6 Rb5 39. Rxg5+ 1-0

[Event "21st Sants Open 2019"]
[Site "Cotxeres de Sants"]
[Date "2019.08.31"]
[Round "9.19"]
[White "Garcia Martinez, Hector"]
[Black "Paton Alvarez, Ivan"]
[Result "0-1"]
[ECO "B23"]
[WhiteElo "1547"]
[BlackElo "1544"]
[Annotator "NA RC"]
[PlyCount "118"]
[EventDate "2019.08.22"]
[EventType "swiss"]
[EventCountry "ESP"]
[SourceTitle "playchess.com"]
[Source "ChessBase"]
[SourceQuality "1"]
[TimeControl "40/5400+30:1800+30"]

1. e4 c5 2. Nc3 d6 3. f4 Nc6 4. Bb5 Bd7 5. Nf3 a6 6. Bxc6 Bxc6 7. d3 Nf6 8. O-O g6 9. Qe1 Bg7 10. e5 dxe5 11. fxe5 Ng4 12. e6 f5 13. h3 Bxf3 14. Rxf3 Bd4+ 15. Kh1 Ne5 16. Rf1 O-O 17. Ne2 Nc6 18. Nxd4 Nxd4 19. Qe5 Qd6 20. Qxd6 exd6 21. Bf4 Nxe6 22. Bxd6 Rfd8 23. Be5 Nd4 24. c3 Nc6 25. Bc7 Rxd3 26. Rad1 Rxd1 27. Rxd1 Re8 28. Rd2 Kf7 29. Kg1 c4 30. Kf2 Re7 31. Bd8 Nxd8 32. Rxd8 Kf6 33. Kf3 Ke6 34. Kf4 Kf6 35. Rd6+ Re6 36. Rd7 g5+ 37. Kf3 Rb6 38. Rd2 a5 39. a4 Rb3 40. Ke3 Ke5 41. g3 b5 42. axb5 Rxb5 43. g4 fxg4 44. hxg4 Rd5 45. Re2 Rd3+ 46. Kf2+ Kf4 47. Kg2 Rg3+ 48. Kh2 Kf3 49. Re5 Rxg4 50. Rxa5 Rg2+ 51. Kh1 g4 52. Rf5+ Kg3 53. Re5 Rxb2 54. Re3+ Kf4 55. Re1 Rc2 56. Rf1+ Kg5 57. Rf7 h5 58. Rg7+ Kh4 59. Rc7 Kg3 0-1

[Event "21st Sants Open 2019"]
[Site "Cotxeres de Sants"]
[Date "2019.08.31"]
[Round "9.20"]
[White "Vadillo, Torre Ismael"]
[Black "Folch Brach, Jordi"]
[Result "1-0"]
[ECO "D02"]
[WhiteElo "1616"]
[BlackElo "1571"]
[Annotator "NA"]
[PlyCount "26"]
[EventDate "2019.08.22"]
[EventType "swiss"]
[EventCountry "ESP"]
[SourceTitle "playchess.com"]
[Source "ChessBase"]
[SourceQuality "1"]
[TimeControl "40/5400+30:1800+30"]

1. d4 d5 2. Nf3 Nf6 3. Bf4 e6 4. h3 Bd6 5. Qc1 Bxf4 6. Qxf4 h6 7. Nbd2 Nbd7 8. e4 c6 9. e5 Nh7 10. Bd3 Ndf8 11. Qg4 Rg8 12. O-O-O Qe7 13. Nb3 g6 1-0

[Event "21st Sants Open 2019"]
[Site "Cotxeres de Sants"]
[Date "2019.09.01"]
[Round "10.3"]
[White "Henriquez Villagra, Cristobal"]
[Black "Song, Raymond"]
[Result "1-0"]
[ECO "B10"]
[WhiteElo "2562"]
[BlackElo "2471"]
[Annotator "ChessBase"]
[PlyCount "57"]
[EventDate "2019.08.22"]
[EventType "swiss"]
[EventCountry "ESP"]
[SourceTitle "playchess.com"]
[Source "ChessBase"]
[SourceQuality "1"]
[TimeControl "40/5400+30:1800+30"]

1. e4 c6 2. Nf3 d5 3. d3 g6 4. Qe2 Bg7 5. g3 d4 6. Bg2 e5 7. O-O Ne7 8. Nbd2 O-O 9. a4 a5 10. Nc4 b5 11. Na3 Qb6 12. c3 Na6 13. Bg5 f6 14. Bd2 Nc5 15. cxd4 Nb3 16. dxe5 Nxa1 17. Be3 Qd8 18. exf6 Bxf6 19. Rxa1 bxa4 20. Nc4 Ba6 21. Bh3 Nc8 22. e5 Bg7 23. Ng5 Qe7 24. f4 Rb8 25. Ne4 Bxc4 26. dxc4 Qb7 27. Bd4 h6 28. Nc5 Qe7 29. Nd7 1-0

[Event "21st Sants Open 2019"]
[Site "Cotxeres de Sants"]
[Date "2019.09.01"]
[Round "10.4"]
[White "Arenas, David"]
[Black "Antal, Gergely"]
[Result "1/2-1/2"]
[ECO "B12"]
[WhiteElo "2448"]
[BlackElo "2549"]
[Annotator "ChessBase"]
[PlyCount "80"]
[EventDate "2019.08.22"]
[EventType "swiss"]
[EventCountry "ESP"]
[SourceTitle "playchess.com"]
[Source "ChessBase"]
[SourceQuality "1"]
[TimeControl "40/5400+30:1800+30"]

1. e4 c6 2. d4 d5 3. e5 c5 4. Nf3 cxd4 5. Nxd4 Nc6 6. c4 e6 7. Nc3 Bc5 8. Nxc6 bxc6 9. Be2 Ne7 10. O-O Ng6 11. Na4 Be7 12. f4 O-O 13. Be3 f6 14. exf6 Bxf6 15. Bd3 Ne7 16. Qc2 g6 17. Bc5 Rf7 18. Rae1 Nf5 19. b3 Qc7 20. Qe2 Bd7 21. Rc1 Re8 22. cxd5 cxd5 23. Kh1 Qb8 24. Nc3 Bc6 25. Qd2 d4 26. Ne4 Bg7 27. Rfe1 Bh6 28. Bd6 Nxd6 29. Rxc6 Bxf4 30. Qe2 Nxe4 31. Qxe4 Be3 32. Rxe6 Rxe6 33. Qxe6 Kg7 34. Bc4 Rf5 35. Qd7+ Kh6 36. Rf1 Rxf1+ 37. Bxf1 Qf4 38. Qh3+ Kg7 39. Qd7+ Kh6 40. Qh3+ Kg7 1/2-1/2

[Event "21st Sants Open 2019"]
[Site "Cotxeres de Sants"]
[Date "2019.09.01"]
[Round "10.5"]
[White "Arjun Kalyan"]
[Black "Gokerkan, Cem Kaan"]
[Result "0-1"]
[ECO "B90"]
[WhiteElo "2482"]
[BlackElo "2421"]
[Annotator "ChessBase"]
[PlyCount "90"]
[EventDate "2019.08.22"]
[EventType "swiss"]
[EventCountry "ESP"]
[SourceTitle "playchess.com"]
[Source "ChessBase"]
[SourceQuality "1"]
[TimeControl "40/5400+30:1800+30"]

1. e4 c5 2. Nf3 d6 3. d4 cxd4 4. Nxd4 Nf6 5. Nc3 a6 6. Be3 e5 7. Nf3 Qc7 8. a4 Be7 9. a5 O-O 10. Be2 Qc6 11. Bg5 Be6 12. Bxf6 Bxf6 13. O-O Nd7 14. Nd5 Bxd5 15. exd5 Qc7 16. Nd2 Bg5 17. c4 f5 18. b4 Rae8 19. Qc2 e4 20. f4 Bf6 21. Rac1 g5 22. g3 gxf4 23. gxf4 b6 24. Qa2 bxa5 25. c5 axb4 26. cxd6 Qxd6 27. Rc6 Qb8 28. Nb3 Qa7+ 29. Kh1 Kh8 30. Rxa6 Qe3 31. Bb5 Re7 32. Ra8 Nb8 33. d6 Rg7 34. Bc4 Qb6 35. Rd1 Qc6 36. Qa6 Qe8 37. d7 Qg6 38. Qa2 Nxd7 39. Ra7 Nb6 40. Rxg7 Bxg7 41. Rg1 Qh6 42. Nc5 Ra8 43. Qe2 Nxc4 44. Qxc4 Qxf4 45. Rf1 Qxf1+ 0-1

[Event "21st Sants Open 2019"]
[Site "Cotxeres de Sants"]
[Date "2019.09.01"]
[Round "10.6"]
[White "Gines Esteo, Pedro Antonio"]
[Black "Idani, Pouya"]
[Result "1/2-1/2"]
[ECO "A04"]
[WhiteElo "2417"]
[BlackElo "2581"]
[Annotator "ChessBase"]
[PlyCount "67"]
[EventDate "2019.08.22"]
[EventType "swiss"]
[EventCountry "ESP"]
[SourceTitle "playchess.com"]
[Source "ChessBase"]
[SourceQuality "1"]
[TimeControl "40/5400+30:1800+30"]

1. Nf3 d6 2. d4 g6 3. Bg5 Bg7 4. c3 Nf6 5. Nbd2 O-O 6. e4 Nc6 7. Be2 e5 8. dxe5 dxe5 9. O-O h6 10. Bh4 Qe8 11. Re1 Nh5 12. Nc4 Nf4 13. Bf1 Be6 14. Nfd2 g5 15. Bg3 Rd8 16. Qc2 h5 17. f3 f6 18. Ne3 Rf7 19. b4 Rfd7 20. Nb3 Bf8 21. Rad1 Rxd1 22. Rxd1 Rxd1 23. Qxd1 Qd8 24. Qxd8 Nxd8 25. Bf2 Kf7 26. g3 Ng6 27. Bc4 Bxc4 28. Nxc4 b6 29. Kf1 Ke6 30. Ke2 Nb7 31. a4 Ne7 32. Kd3 Nc8 33. Nbd2 a6 34. h3 1/2-1/2